 Dungeon Crawl Stone Soup version 0.30-a0-1103-g25895a7845 (webtiles) character file.

Game seed: 12217518461780591848

5782 ytrimaz the Severer (level 11, -6/75 HPs)
             Began as a Formicid Fighter on Apr 18, 2023.
             Was a Believer of Dithmenos.
             Mangled by a two-headed ogre
             ... wielding a +0 giant spiked club
              (20 damage)
             ... on level 9 of the Dungeon.
             The game lasted 00:12:35 (10084 turns).

ytrimaz the Severer (Formicid Fighter)             Turns: 10084, Time: 00:12:36

Health: -6/75      AC:  9    Str: 24    XL:     11   Next: 6%
Magic:  11/11      EV: 10    Int:  9    God:    Dithmenos [**....]
Gold:   764        SH:  5    Dex: 13    Spells: 10/10 levels left

rFire   . . .      SeeInvis +    j - +3 war axe
rCold   + . .      Faith    .    c - +0 buckler
rNeg    . . .      Spirit   .    F - +0 acid dragon scales
rPois   .          Reflect  .    (helmet unavailable)
rElec   .          Rampage  .    J - +0 cloak
rCorr   +                        l - +0 pair of gloves
Will    +....                    (no boots)
Stlth   +                        (no amulet)
HPRegen 0.32/turn                q - ring of protection from cold
MPRegen 0.12/turn                I - ring of flight

@: flying, wreathed by umbra
A: permanent stasis, dig shafts and tunnels, antennae 3, four strong arms
a: Dig, Shaft Self, Renounce Religion, Shadow Step


You were on level 9 of the Dungeon.
You worshipped Dithmenos.
Dithmenos was pleased with you.
You visited 2 branches of the dungeon, and saw 10 of its levels.
You also visited: Ossuary.

You collected 1050 gold pieces.
You spent 286 gold pieces at shops.


Innate Abilities, Weirdness & Mutations

You cannot be hasted, slowed, berserked, paralysed or teleported.
You can dig through walls and to a lower floor.
You have a pair of large antennae on your head. (SInv)
Your four strong arms can wield two-handed weapons with a shield.


   Skills:
 + Level 3.6 Fighting
 * Level 15.6 Axes
 - Level 3.2 Armour
 - Level 4.0 Shields


You had 10 spell levels left.
You didn't know any spells.
Your spell library contained the following spells:

 Spells                   Type           Power      Damage    Failure   Level
 Ensorcelled Hibernation  Hex/Ice        0%         N/A       67%         2
 Passwall                 Tmut/Erth      0%         N/A       67%         2
 Inner Flame              Hex/Fire       0%         N/A       88%         3
 Flame Wave               Conj/Fire      0%         2d4       99%         4
 Sticky Flame             Conj/Fire      0%         2d3       99%         4
 Yara's Violent Unravell  Hex/Tmut       0%         3d3       100%        5
 Enfeeble                 Hex            0%         N/A       100%        7
 Swiftness                Air            Unusable   N/A       N/A         3

Inventory:

Hand Weapons
 a - a +0 war axe
 j - a +3 war axe (weapon)
   (You took it off an orc priest on level 3 of the Dungeon)
 y - a +2 hand axe of venom
   (You took it off an orc on level 5 of the Dungeon)
 E - a +0 battleaxe
   (You took it off an orc warrior on level 6 of the Dungeon)
Armour
 c - a +0 buckler (worn)
 l - a +0 pair of gloves (worn)
   (You found it on level 2 of the Dungeon)
 F - +0 acid dragon scales (worn)
   (You found it on level 6 of the Dungeon)
 J - a +0 cloak (worn)
   (You found it on level 7 of the Dungeon)
Jewellery
 q - a ring of protection from cold (left hand)
   (You found it on level 3 of the Dungeon)
 v - an amulet of faith
   (You found it on level 4 of the Dungeon)
 I - a ring of flight (right hand)
   (You found it on level 7 of the Dungeon)
 K - a +6 ring of intelligence
   (You took it off a kobold on level 8 of the Dungeon)
Wands
 r - a wand of mindburst (9)
   (You found it on level 3 of the Dungeon)
 u - a wand of iceblast (4) (quivered)
   (You took it off Ijyb on level 4 of the Dungeon)
 z - a wand of flame (60)
   (You took it off Blork the orc on level 4 of the Dungeon)
 G - a wand of digging (5)
   (You found it on level 6 of the Dungeon)
Scrolls
 e - 5 scrolls of enchant armour
 i - 2 scrolls of magic mapping {unknown}
 m - a scroll of immolation
 p - a scroll of acquirement
 w - a scroll of poison
 B - 2 scrolls of fog {unknown}
 C - 3 scrolls of amnesia {unknown}
 D - 2 scrolls of enchant weapon {unknown}
 L - 2 scrolls of fear {unknown}
 M - a scroll of vulnerability {unknown}
Potions
 b - a potion of invisibility
 d - 3 potions of might
 f - 2 potions of curing
 g - 3 potions of attraction
 h - 2 potions of resistance
 k - a potion of brilliance
 n - 2 potions of magic
 o - a potion of lignification
 s - 3 potions of mutation
 t - a potion of ambrosia
 x - 2 potions of heal wounds

Dungeon Overview and Level Annotations

Branches:
Dungeon (9/15) Zot: 26430  Temple (1/1) D:5 Zot: 5828    Lair (0/5) D:8
Ossuary (visited)
    Orc: D:9-12

Altars:
Ashenzari
Cheibriados
Dithmenos
Elyvilon
Fedhas
Gozag
Hepliaklqana
Kikubaaqudgha
Makhleb
Nemelex Xobeh
Okawaru
Qazlal
Ru
Sif Muna
Trog
Uskayaw
Vehumet
Wu Jian
Xom
Yredelemnul
Zin
The Shining One

Shops:
D:4 * D:6

! ... ##########.#
.........#.############
.......#...............
.......#...............
.......#...............
......##'###..#####'##
#......##..###
#..@...#.....#
#.O....#.....# {
#......#.....#
#......#...### ###########
..######...## ..........#
...#....#....#
..........#....#....#....#
.##.......#....#....'....#
.##..###### #+####..###


You could see a two-headed ogre.


Message History

You sense a monster nearby.
You reach down and open the door.
A bullfrog comes into view.
There is an open door here.
Unknown command.
You completely miss the bullfrog. The bullfrog barely misses you.
You slash the bullfrog! The bullfrog hits you. 😕 HP[-1]
You take 1 damage, and now have 74/75 hp.
You slash the bullfrog!
You kill the bullfrog!
Dithmenos accepts your kill.
You see here a bullfrog corpse.
Unknown command. 😎 HP[+1]
Your hp is fully restored (75).
No target in view!
Unknown command.
No target in view!
Found an escape hatch in the ceiling.
You now have 748 gold pieces (gained 12).
A - 5 scrolls labelled QOEJIRO XUDGH (gained 1)
You reach down and open the door.
There is an open door here.
Key pressed, stopping explore.
There is an open door here.
There is a stone staircase leading down here.
Key pressed, stopping explore.
Unknown command.
You reach down and open the door.
Found an escape hatch in the floor.
There is an open door here.
You pick up a book of Flames and begin reading...
You add the spells Sticky Flame and Flame Wave to your library.
You now have 764 gold pieces (gained 16).
You reach down and open the door.
There is an open door here.
C - 3 scrolls labelled ZUICAWKOYN (gained 1) Key pressed, stopping explore.
There is an open door here.
You reach down and open the door.
There is an open door here.
There is an open door here.
There is an open door here.
As you open the door, it creaks loudly!
There is an open door here.
H - 2 scrolls of identify (gained 1)
M - a scroll labelled YMUOTO IJOBURGH
As you read the scroll of identify, it crumbles to dust.
A - 5 scrolls of teleportation
As you read the scroll of identify, it crumbles to dust.
t - a potion of ambrosia You drop 5 scrolls of teleportation.
You reach down and open the door.
You sense a monster nearby.
There is an open door here.
You reach down and open the door.
A two-headed ogre comes into view.
It is wielding a +0 giant spiked club and a +0 giant club.
The two-headed ogre shouts in stereo!
A two-headed ogre is nearby!
A two-headed ogre is nearby!
A two-headed ogre is nearby!
A two-headed ogre is nearby!
There is an open door here.
Unknown command.
The two-headed ogre hits you with a +0 giant spiked club!!
The two-headed ogre barely misses you. 😮 HP[-22]
You take 22 damage, and now have 53/75 hp.
MASSIVE DAMAGE!! (PAUSE)
You barely miss the two-headed ogre.
Unknown command.
You slash the two-headed ogre! The two-headed ogre misses you.
You block the two-headed ogre's attack. 😮 HP[+1]
You slash the two-headed ogre! You barely miss the two-headed ogre.
The two-headed ogre closely misses you.
The two-headed ogre hits you with a +0 giant club!!
* * * LOW HITPOINT WARNING * * *
Unknown command. 😨 HP[-25]
You take 25 damage, and now have 29/75 hp.
MASSIVE DAMAGE!! (PAUSE)
Press: ? - help, v - describe, . - travel
Here: a two-headed ogre, wielding a +0 giant spiked club and a +0 giant club (heavily wounded, umbra)
The floor, spattered with blood.
Unknown command.
You hit the two-headed ogre.
You completely miss the two-headed ogre.
The two-headed ogre hits you with a +0 giant spiked club!
* * * LOW HITPOINT WARNING * * *
The two-headed ogre hits you with a +0 giant club.
* * * LOW HITPOINT WARNING * * *
Unknown command. 😱 HP[-15]
You take 15 damage, and now have 14/75 hp.
You slash the two-headed ogre! You barely miss the two-headed ogre.
The two-headed ogre misses you.
The two-headed ogre hits you with a +0 giant club!!
You die...

Skill      XL: |  1  2  3  4  5  6  7  8  9 10 |
---------------+-------------------------------+-----
Axes           | 3 4 5 6 8 10 13 15 | 15.6
Fighting       | |  3.6
Armour         | |  3.2
Shields        | |  4.0

Action                     |  1- 3 |  4- 6 |  7- 9 | 10-12 || total
---------------------------+-------+-------+-------+-------++-------
  Melee: War axe           |    90 |   126 |   330 |   199 ||   745
         Hand axe          |       |       |    35 |       ||    35
  Evoke: Wand              |       |       |       |     3 ||     3
    Use: Scroll            |       |     3 |    10 |     3 ||    16
         Potion            |       |     1 |     5 |     4 ||    10
 Armour: Scale mail        |    48 |    68 |   132 |       ||   248
         Acid dragon scale |       |       |    10 |    47 ||    57
         Skin              |       |       |       |    16 ||    16
  Dodge: Dodged            |    40 |    51 |   108 |    78 ||   277
  Block: Buckler           |    26 |    40 |    67 |    44 ||   177

Levels and vault maps discovered:
D:1:      dreamdust_arrival_beginning_and_end, layout_basic,
          basic_ecumenical_altar
D:2:      cheibrodos_fertilizer, layout_basic, corexii_corridor_pit,
          uniq_natasha
D:3:      layout_rooms
D:4:      corexii_shack_village, layout_basic, gup_ossuary_entry_pyramid,
          nicolae_shop_overcharged_wands, uniq_ijyb, uniq_blork_the_orc,
          uniq_robin
D:5:      gammafunk_cloud_chamber, layout_basic, mainiacjoe_overflow_boulevard,
          lemuel_temple_firewalk_b, grunt_ministairs_5, st_stairs_5,
          grunt_decor_one_mirror, uniq_edmund
D:6:      layout_basic, nicolae_dithmenos_the_darkroom, serial_shops,
          nicolae_shop_trees, uniq_menkaure, uniq_duvessa
D:7:      layout_basic, enter_bailey_5, chequers_hall_statues_corner_a,
          amcnicky_mini_pool_medium
D:8:      layout_gridville, chequers_temple_overflow_statue_of_worship,
          grunt_lair_entry_orc_guard_hut, serial_glass, glass_columns_a,
          glass_columns_b, minmay_misc_feat_more_columns
D:9:      layout_gridville, hangedman_decor_diamond_cutter
Temple:   eino_temple_scatter_basement

Notes
Turn   | Place    | Note
-------+----------+-------------------------------------------
     0 | D:1      | ytrimaz the Formicid Fighter began the quest for the Orb.
     0 | D:1      | Reached XP level 1. HP: 18/18 MP: 1/1
     0 | D:1      | magus.rc [v1.9.6]
   149 | D:1      | Reached XP level 2. HP: 24/24 MP: 2/2
   304 | D:1      | Reached skill level 3 in Axes
   432 | D:1      | Reached XP level 3. HP: 29/29 MP: 3/3
   555 | D:1      | Found a faded altar of an unknown god.
   832 | D:2      | Reached skill level 4 in Axes
   832 | D:2      | Reached XP level 4. HP: 34/35 MP: 4/4
   982 | D:2      | Noticed Natasha
   989 | D:2      | Killed Natasha
  1066 | D:2      | Reached XP level 5. HP: 38/41 MP: 5/5
  1158 | D:2      | Reached skill level 5 in Axes
  1374 | D:2      | Noticed Natasha
  1389 | D:2      | Killed Natasha
  1390 | D:2      | Reached XP level 6. HP: 25/47 MP: 6/6
  1617 | D:3      | Reached skill level 6 in Axes
  2329 | D:4      | Noticed Ijyb
  2329 | D:4      | Noticed Robin
  2336 | D:4      | Killed Ijyb
  2337 | D:4      | Reached XP level 7. HP: 41/52 MP: 7/7
  2342 | D:4      | Killed Robin
  2343 | D:4      | Reached skill level 7 in Axes
  2625 | D:4      | Noticed Blork the orc
  2635 | D:4      | HP: 13/52 [Blork the orc/+0 long sword (10)]
  2638 | D:4      | Killed Blork the orc
  2639 | D:4      | HP: 6/52 [dart slug (1)]
  2642 | D:4      | Found Xuicrim's Overcharged Wands.
  2737 | D:4      | Found a sand-covered staircase.
  2745 | Ossuary  | Entered an ossuary
  2998 | Ossuary  | Reached skill level 8 in Axes
  3080 | Ossuary  | Reached XP level 8. HP: 55/58 MP: 8/8
  3096 | Ossuary  | Noticed a silent spectre
  3270 | D:4      | Reached skill level 9 in Axes
  3686 | D:5      | Entered Level 5 of the Dungeon
  3694 | D:5      | Noticed Edmund
  3712 | D:5      | HP: 13/58 [orc priest/divine providence (13)]
  3712 | D:5      | HP: 6/58 [Edmund/+3 dire flail of protection (7)]
  3717 | D:4      | Killed Edmund
  4220 | D:5      | Found a transporter.
  4379 | D:5      | Reached skill level 10 in Axes
  4546 | D:5      | Found a staircase to the Ecumenical Temple.
  4555 | Temple   | Entered the Ecumenical Temple
  4950 | D:5      | Found a blossoming altar of Fedhas.
  5096 | D:5      | Found a transporter.
  5114 | D:5      | Reached XP level 9. HP: 43/64 MP: 9/9
  5398 | D:5      | HP: 16/64 [gnoll sergeant zombie/+1 spear of venom (8)]
  5576 | D:6      | Noticed Duvessa
  5576 | D:6      | Noticed Dowan
  5584 | D:6      | Killed Duvessa
  5585 | D:6      | Reached skill level 11 in Axes
  5588 | D:6      | Killed Dowan
  5897 | D:6      | Reached skill level 12 in Axes
  5904 | D:6      | HP: 5/64 [ogre/+0 giant club (32)]
  6401 | D:6      | Found Nuit's Distillery.
  6409 | D:6      | Bought a potion of heal wounds for 65 gold pieces
  6409 | D:6      | Bought a potion of heal wounds for 65 gold pieces
  6409 | D:6      | Bought a potion of invisibility for 104 gold pieces
  6409 | D:6      | Bought a potion of might for 52 gold pieces
  6517 | D:6      | Found a shadowy altar of Dithmenos.
  6531 | D:6      | Noticed Menkaure
  6537 | D:6      | Killed Menkaure
  6924 | D:6      | Became a worshipper of Dithmenos the Shadowed
  6944 | D:7      | Reached skill level 13 in Axes
  6956 | D:7      | Reached XP level 10. HP: 45/70 MP: 10/10
  7220 | D:7      | HP: 17/70 [electric eel/bolt of electricity (11)]
  7232 | D:7      | HP: 26/105 [poisoned by a scorpion]
  7235 | D:7      | Reached skill level 14 in Axes
  7237 | D:7      | HP: 16/105 [poisoned by a scorpion]
  7242 | D:7      | HP: 8/105 [orc warrior/+0 war axe (8)]
  7244 | D:7      | HP: 2/105 [orc warrior/+0 war axe (6)]
  7260 | D:7      | Reached * piety under Dithmenos
  7302 | D:7      | Identified a scroll of acquirement
  7684 | D:7      | You pick up a book of Misfortune and begin reading...
  7684 | D:7      | You add the spells Inner Flame, Yara's Violent Unravelling
                  | and Enfeeble to your library.
  8173 | D:7      | Acquired 479 gold pieces
  8231 | D:7      | HP: 14/70 [hornet (11)]
  8232 | D:7      | HP: 5/70 [hornet (10)]
  8672 | D:8      | Reached skill level 15 in Axes
  8676 | D:8      | Found a staircase to the Lair.
  8815 | D:8      | Reached ** piety under Dithmenos
  8828 | D:8      | HP: 16/70 [sky beast (6)]
  9047 | D:8      | Found an iron altar of Okawaru.
  9048 | D:8      | Found a burning altar of Makhleb.
  9049 | D:8      | Found a hide-covered altar of Uskayaw.
  9049 | D:8      | Found a glowing silver altar of Zin.
  9388 | D:8      | Reached XP level 11. HP: 57/73 MP: 11/11
  9849 | D:9      | You pick up a book of Burglary and begin reading...
  9849 | D:9      | You add the spells Passwall and Ensorcelled Hibernation to
                  | your library.
  9981 | D:9      | You pick up a book of Flames and begin reading...
  9981 | D:9      | You add the spells Sticky Flame and Flame Wave to your
                  | library.
 10073 | D:9      | Noticed a two-headed ogre
 10082 | D:9      | HP: 15/75 [two-headed ogre/+0 giant spiked club (15)]
 10084 | D:9      | Mangled by a two-headed ogre

Vanquished Creatures
  2 hornets (D:7)
  A wyvern (D:9)
  A wraith (D:7)
  Menkaure (D:6)
  Edmund (D:4)
  Duvessa (D:6)
  An acid dragon (D:6)
  2 ice beasts (D:7)
  3 orc warriors
  5 sky beasts
  4 black bears
  2 ogres (D:6)
  2 phantoms
  Blork the orc (D:4)
  5 bullfrogs
  2 kobold brigands
  7 scorpions
  A water moccasin zombie (Ossuary)
  9 wights
  Dowan (D:6)
  A howler monkey (D:4)
  An electric eel (D:7)
  A centaur zombie (Ossuary)
  3 jellies
  4 hounds
  Ijyb (D:4)
  10 orc priests
  2 scorpion zombies (Ossuary)
  Natasha (twice) (D:2)
  4 iguanas
  8 orc wizards
  An ogre zombie (D:5)
  2 mummies
  Robin (D:4)
  4 gnolls (D:5)
  13 adders
  2 shadow imps
  A white imp (D:6)
  3 adder zombies (Ossuary)
  3 worms
  5 dart slugs
  42 orcs
  8 ball pythons
  5 bats
  10 endoplasms
  3 giant cockroaches (D:2)
  22 goblins
  13 hobgoblins
  30 kobolds
  6 quokkas
  6 frilled lizards (D:1)
  3 gnoll zombies
  5 goblin zombies (Ossuary)
  2 hobgoblin zombies (Ossuary)
  4 orc zombies (Ossuary)
  6 rats
289 creatures vanquished.

Vanquished Creatures (others)
  A kobold (D:8)
  7 fungi
  8 plants
  7 toadstools (D:2)
23 creatures vanquished.

Grand Total: 312 creatures vanquished

Table legend:
 A = Non-vault XP
 B = Vault XP
 C = Vault XP percentage of total XP
 D = Non-vault monster count
 E = Vault monster count
 F = Vault count percentage of total count
                 A         B        C        D         E       F
            +---------+---------+-------+---------+---------+-------
      Total |    5641 |    2620 |  31.7 |     197 |      92 |  31.8
            +---------+---------+-------+---------+---------+-------
        D:1 |      44 |       0 |   0.0 |      29 |       0 |   0.0
        D:2 |     108 |     148 |  57.8 |      22 |      18 |  45.0
        D:3 |     170 |       0 |   0.0 |      20 |       0 |   0.0
        D:4 |     268 |     377 |  58.4 |      23 |      25 |  52.1
        D:5 |     419 |     208 |  33.2 |      15 |       9 |  37.5
        D:6 |    1341 |     383 |  22.2 |      29 |       3 |   9.4
        D:7 |    2059 |     677 |  24.7 |      27 |      10 |  27.0
        D:8 |     818 |     485 |  37.2 |      25 |       5 |  16.7
        D:9 |     414 |       0 |   0.0 |       7 |       0 |   0.0
    Ossuary |       0 |     342 | 100.0 |       0 |      22 | 100.0
            +---------+---------+-------+---------+---------+-------

Illustrated notes

Table legend:
 A = Kills in this place as a percentage of kills in the entire game.
 B = Kills by you in this place as a percentage of kills by you in the entire game.
 C = Kills by friends in this place as a percentage of kills by friends in the entire game.
 D = Other kills in this place as a percentage of other kills in the entire game.
 E = Experience gained in this place as a percentage of experience gained in the entire game.
 F = Experience gained in this place divided by the number of levels of this place that you have seen.
                   A       B       C       D       E      F
               +-------+-------+-------+-------+-------+----------------------
         Total | 100.0 | 100.0 |   N/A |   N/A | 100.0 | 751.0
       Dungeon |  92.4 |  92.4 |   N/A |   N/A |  95.9 | 879.9
       Ossuary |   7.6 |   7.6 |   N/A |   N/A |   4.1 | 342.0
               +-------+-------+-------+-------+-------+----------------------

Table legend: (Time is in decaauts)
 A = Elapsed time spent in this place.
 B = Non-inter-level travel time spent in this place.
 C = Inter-level travel time spent in this place.
 D = Time resting spent in this place.
 E = Time spent auto-exploring this place.
 F = Levels seen in this place.
 G = Mean time per level.
                   A        B        C        D        E       F      G
               +--------+--------+--------+--------+--------+-----+--------+
         Total |  10113 |   9776 |    337 |   1050 |   6812 |  11 |  919.4 |
       Dungeon |   9453 |   9131 |    322 |    776 |   6579 |   9 | 1050.3 |
        Temple |    171 |    156 |     15 |      0 |    141 |   1 |  171.0 |
       Ossuary |    488 |    488 |      0 |    274 |     92 |   1 |  488.0 |
               +--------+--------+--------+--------+--------+-----+--------+

Top non-repeatable levels by time:
     D:7: 1658 daAuts
     D:6: 1359 daAuts
     D:5: 1333 daAuts
     D:4: 1259 daAuts
     D:8: 881 daAuts
     D:2: 862 daAuts
     D:1: 770 daAuts
     D:3: 757 daAuts
     D:9: 569 daAuts
 Ossuary: 488 daAuts
  Temple: 171 daAuts
